 Dungeon Crawl Stone Soup version 0.21.1-1-g345015f (webtiles) character file.

1612 shakethe the Cleaver (level 9, -6/63 HPs)
             Began as a Human Berserker on Feb 5, 2018.
             Was an Elder of Trog.
             Mangled by a mummy (8 damage)
             ... in an ossuary.
             The game lasted 00:19:55 (4911 turns).

shakethe the Cleaver (Human Berserker)              Turns: 4911, Time: 00:19:57

Health: -6/63      AC: 11    Str: 19    XL:     9   Next: 16%
Magic:  9/9        EV:  8    Int:  7    God:    Trog [****..]
Gold:   219        SH:  0    Dex: 15    Spells: 8/8 levels left

rFire    . . .     SeeInvis .   G - +0 flail (drain)
rCold    . . .     Gourm    .   (no shield)
rNeg     . . .     Faith    .   d - +0 chain mail
rPois    .         Spirit   .   y - +0 helmet
rElec    .         Reflect  .   w - +0 cloak
rCorr    .         Harm     .   h - +0 pair of gloves (curse)
MR       .....                  (no boots)
Stlth    ..........             (no amulet)
HPRegen  0.20/turn              (no ring)
MPRegen  0.11/turn              (no ring)

@: no status effects
A: no striking features
a: Berserk, Trog's Hand, Brothers in Arms, Burn Spellbooks, Renounce Religion


You were in an ossuary.
You worshipped Trog.
Trog was greatly pleased with you.
You were not hungry.

You visited 2 branches of the dungeon, and saw 7 of its levels.
You also visited: Ossuary.

You collected 219 gold pieces.

Inventory:

Hand Weapons
 a - a +0 hand axe
 t - a +1 short sword of flaming
 G - a +0 flail of draining (weapon)
Missiles
 j - 7 tomahawks (quivered)
 F - 5 javelins
Armour
 b - a +0 animal skin
 d - a +0 chain mail (worn)
 h - a cursed +0 pair of gloves (worn)
 w - a +0 cloak (worn)
 y - a +0 helmet (worn)
Jewellery
 E - an uncursed ring of fire {unknown}
 H - an uncursed ring of protection from fire {unknown}
Wands
 n - a wand of acid (4)
 v - a wand of random effects (32)
 D - a wand of flame (67)
Scrolls
 e - 2 scrolls of blinking {unknown}
 f - 4 scrolls of teleportation
 k - 2 scrolls of identify
 p - a scroll of amnesia {unknown}
 q - 2 scrolls of enchant armour {unknown}
 r - a scroll of noise {unknown}
 u - 3 scrolls of remove curse
 A - a scroll of enchant weapon {unknown}
Potions
 g - a potion of degeneration {unknown}
 i - 4 potions of curing
 l - a potion of invisibility
 m - a potion of cancellation {unknown}
 o - 2 potions of mutation {unknown}
 s - a potion of heal wounds {unknown}
 z - 3 potions of berserk rage {unknown}
 B - a potion of brilliance {unknown}
 C - a potion of magic {unknown}
Books
 x - a book of Cantrips

   Spells                             Type                      Level
   a - Confusing Touch                Hexes                        1
   b - Animate Skeleton               Necromancy                   1
   c - Summon Small Mammal            Summoning                    1
   d - Apportation                    Translocation                1
   Trog disapproves of the use of such an item.
Comestibles
 c - 8 rations


   Skills:
 - Level 3.0 Fighting
 + Level 8.3 Axes
 + Level 7.6 Throwing
 - Level 2.0 Armour
 - Level 2.0 Dodging


You had 8 spell levels left.
You didn't know any spells.

Dungeon Overview and Level Annotations

Branches:
Dungeon (6/15)             Temple (1/1) D:6

Altars:
Ashenzari
Okawaru
Yredelemnul
Zin


Message History

You hit the mummy but do no damage.
The mummy is moderately damaged.
The mummy hits you but does no damage. x2
You completely miss the mummy.
The mummy is moderately damaged.
The mummy hits you but does no damage.
You hit the mummy.
The mummy is heavily damaged.
The mummy hits you!
You hit the mummy but do no damage.
The mummy is heavily damaged.
The mummy hits you!
* * * LOW HITPOINT WARNING * * *
The mummy barely misses you.
You sock the mummy!
The mummy is severely damaged.
The mummy hits you!
* * * LOW HITPOINT WARNING * * *
The mummy hits you!
You die...

##+##
#...#
#.∩.#
#.@.#
#MM.#
#.(.#
#..(.(#
#.#.#(#
#######


You could see 2 mummies.

Vanquished Creatures
  Eustachio (D:4)
  Edmund (D:6)
  Duvessa (D:4)
  A necrophage (D:6)
  A black bear (D:6)
  2 ogres (D:5)
  A phantom (D:4)
  A centaur (D:6)
  A bullfrog (D:6)
  Dowan (D:4)
  3 crimson imps
  3 hounds
  A quasit (D:6)
  2 orc wizards (D:4)
  Ijyb (D:4)
  4 worker ants
  A mummy (Ossuary)
  A howler monkey zombie (D:3)
  Robin (D:4)
  10 adders
  A shadow imp (D:6)
  An adder skeleton (D:5)
  2 worms (D:2)
  2 dart slugs
  2 leopard geckos
  3 orcs (D:4)
  A ball python (D:1)
  5 bats
  4 giant cockroaches
  10 goblins
  11 hobgoblins
  20 jackals
  6 frilled lizards
  7 kobolds (D:1)
  A quokka skeleton (D:6)
  A quokka zombie (D:5)
  11 rats
126 creatures vanquished.

Notes
Turn   | Place    | Note
-------+----------+-------------------------------------------
     0 | D:1      | shakethe the Human Berserker began the quest for the Orb.
     0 | D:1      | Reached XP level 1. HP: 18/18 MP: 1/1
   106 | D:1      | Reached XP level 2. HP: 22/24 MP: 2/2
   133 | D:1      | Reached skill level 1 in Throwing
   339 | D:1      | Reached XP level 3. HP: 21/29 MP: 3/3
   356 | D:1      | Reached ** piety under Trog
   914 | D:2      | Reached XP level 4. HP: 35/35 MP: 4/4
   993 | D:2      | Reached skill level 4 in Axes
  1548 | D:2      | Reached XP level 5. HP: 38/41 MP: 5/5
  2741 | D:4      | Noticed Duvessa
  2741 | D:4      | Noticed Dowan
  2749 | D:4      | Killed Duvessa
  2749 | D:4      | Reached skill level 5 in Axes
  2749 | D:4      | Reached XP level 6. HP: 47/47 MP: 6/6
  2754 | D:4      | Killed Dowan
  2917 | D:4      | Noticed Ijyb
  2958 | D:4      | Killed Ijyb
  2958 | D:4      | Reached XP level 7. HP: 41/52 MP: 7/7
  3009 | D:4      | Noticed Eustachio
  3033 | D:4      | Killed Eustachio
  3033 | D:4      | Reached *** piety under Trog
  3033 | D:4      | Reached skill level 6 in Axes
  3033 | D:4      | Reached skill level 5 in Throwing
  3108 | D:4      | Noticed Robin
  3125 | D:4      | Killed Robin
  3460 | D:4      | Reached XP level 8. HP: 35/58 MP: 8/8
  3876 | D:5      | Entered Level 5 of the Dungeon
  3978 | D:5      | Found an iron altar of Okawaru.
  4057 | D:5      | Reached skill level 7 in Axes
  4502 | D:6      | Found a staircase to the Ecumenical Temple.
  4524 | Temple   | Entered the Ecumenical Temple
  4539 | D:6      | Reached **** piety under Trog
  4583 | D:6      | Found a glowing silver altar of Zin.
  4583 | D:6      | Found a shattered altar of Ashenzari.
  4592 | D:6      | Noticed Edmund
  4611 | D:6      | Killed Edmund
  4656 | D:6      | Reached skill level 8 in Axes
  4656 | D:6      | Reached XP level 9. HP: 47/63 MP: 9/9
  4886 | D:6      | Found a sand-covered staircase.
  4900 | Ossuary  | Entered an ossuary
  4911 | Ossuary  | HP: 2/63 [mummy (13)]
  4911 | Ossuary  | Mangled by a mummy

Skill      XL: |  1  2  3  4  5  6  7  8 |
---------------+-------------------------+-----
Throwing       | 1 2 4 5 7 |  7.6
Axes           | 4 5 6 8 |  8.3
Fighting       | |  3.0
Armour         | |  2.0
Dodging        | |  2.0

Action                   |  1- 3 |  4- 6 |  7- 9 || total
-------------------------+-------+-------+-------++-------
Melee: Hand axe          |    97 |   207 |   173 ||   477
       Flail             |       |       |    43 ||    43
Throw: Tomahawk          |    10 |    15 |    57 ||    82
Invok: Berserk           |       |     3 |     3 ||     6
  Use: Scroll            |       |       |     3 ||     3
  Eat: Chunk             |       |     8 |     7 ||    15
       Ration            |       |     1 |       ||     1
Armor: Chain mail        |    93 |   128 |   159 ||   380
Dodge: Dodged            |    81 |    87 |   116 ||   284
